 Dungeon Crawl Stone Soup version 0.29.1-1-gd02db6906a (webtiles) character file.

Game seed: 16166550825682725477

115768 Icepheonix32 the Warrior (level 16, -1/144 HPs)
             Began as a Minotaur Fighter on Sept 20, 2022.
             Was the Champion of Okawaru.
             Shot with an arrow by Nessos (17 damage)
             ... on level 2 of the Orcish Mines.
             The game lasted 00:45:23 (27743 turns).

Icepheonix32 the Warrior (Minotaur Fighter)        Turns: 27743, Time: 00:45:23

Health: -1/144     AC: 44    Str: 31    XL:     16   Next: 19%
Magic:  0/23       EV: 12    Int:  9    God:    Okawaru [******]
Gold:   2036       SH:  0    Dex: 16    Spells: 15/15 levels left

rFire   . . .      SeeInvis +   Q - +11 broad axe of a Gauntlet {vorpal, Str+2 Int+4 SInv Stlth-}
rCold   + . .      Faith    .   B - orb {light}
rNeg    . . .      Spirit   +   Z - +15 Maxwell's patent armour {-Cast -Tele rElec Will+ rCorr}
rPois   .          Reflect  .   M - +1 hat
rElec   +          Harm     .   o - +2 cloak
rCorr   +          Rampage  .   R - +0 pair of gloves
Will    +++..      Rage     3%  S - +2 pair of boots {Fly}
Stlth   .......... NoTele   +   e - amulet of guardian spirit
HPRegen 0.34/turn  NoCast   +   H - ring "Kecuiwk" {Will+ Str+6}
MPRegen 0.18/turn               r - +4 ring of protection

@: flying, glowing
A: horns 2, retaliatory headbutt, berserk 1, cold resistance 1, frail 1
a: Renounce Religion, Heroism, Finesse, Duel


You were on level 2 of the Orcish Mines.
You worshipped Okawaru.
Okawaru was exalted by your worship.
You visited 4 branches of the dungeon, and saw 23 of its levels.
You also visited: Volcano.

You collected 2414 gold pieces.
You spent 378 gold pieces at shops.

Inventory:

Hand Weapons
 n - a +7 flail of draining
 O - a +5 war axe of freezing
 Q - the +11 broad axe of a Gauntlet (weapon) {vorpal, Str+2 Int+4 SInv Stlth-}
   (Okawaru gifted it to you on level 11 of the Dungeon)

   It inflicts extra damage upon your enemies.
   Str:       It affects your strength (+2).
   Int:       It affects your intelligence (+4).
   SInv:      It lets you see invisible.
   Stlth:     It makes you less stealthy.
 X - a +4 broad axe of electrocution
Missiles
 t - 2 throwing nets
 v - 6 boomerangs (quivered)
 C - 15 javelins
 K - a curare-tipped dart
Armour
 d - +0 fire dragon scales
 o - a +2 cloak (worn)
 s - the +8 chain mail of the Saviour {rPois rN++}
   (You found it on level 9 of the Dungeon)

   rPois:     It protects you from poison.
   rN:        It greatly protects you from negative energy.
 B - an orb of light (worn)
 I - the +1 pair of boots "Tokeos" {rF- Will++ Int+4}
   (You bought it in a shop on level 10 of the Dungeon)

   Int:       It affects your intelligence (+4).
   rF:        It makes you vulnerable to fire.
   Will:      It greatly increases your willpower.
 M - a +1 hat (worn)
 R - a +0 pair of gloves (worn)
 S - a +2 pair of boots of flying (worn)
 Y - a +2 buckler of fire resistance
 Z - the +15 Maxwell's patent armour (worn) {-Cast -Tele rElec Will+ rCorr}
   (Okawaru gifted it to you on level 12 of the Dungeon)

   rElec:     It insulates you from electricity.
   -Cast:     It prevents spellcasting.
   -Tele:     It prevents most forms of teleportation.
   rCorr:     It protects you from acid and corrosion.
   Will:      It increases your willpower.
Jewellery
 e - an amulet of guardian spirit (around neck)
 p - the ring "Abetsogomu" {rElec rPois MP+9 Dex-5}
   (You found it on level 5 of the Dungeon)

   [ring of magical power]

   Dex:       It affects your dexterity (-5).
   rElec:     It insulates you from electricity.
   rPois:     It protects you from poison.
   MP:        It affects your magic capacity (+9).
 r - a +4 ring of protection (right hand)
 A - a ring of magical power
 E - a +4 ring of evasion
 H - the ring "Kecuiwk" (left hand) {Will+ Str+6}
   (You acquired it on level 14 of the Dungeon)

   [ring of strength]

   Str:       It affects your strength (+6).
   Will:      It increases your willpower.
Wands
 b - a wand of flame (55)
 q - a wand of paralysis (19)
 u - a wand of roots (10)
 x - a wand of polymorph (14)
 y - a wand of light (7)
 T - a wand of mindburst (10)
 U - a wand of digging (8)
Scrolls
 c - a scroll of teleportation
 g - 7 scrolls of amnesia
 h - 9 scrolls of vulnerability
 i - 2 scrolls of fear
 l - 3 scrolls of poison
 w - 2 scrolls of magic mapping
 G - 3 scrolls of fog
 J - 3 scrolls of blinking
Potions
 a - 5 potions of lignification
 f - 6 potions of resistance
 j - a potion of brilliance
 k - 7 potions of heal wounds
 m - 5 potions of magic
 z - 13 potions of curing
 F - 4 potions of might
 L - 6 potions of haste
 N - 8 potions of mutation
 P - a potion of invisibility
 V - a potion of ambrosia
 W - 4 potions of cancellation
Miscellaneous
 D - a condenser vane


   Skills:
 * Level 19.6 Fighting
 * Level 18.3(19.2) Axes
 - Level 10.1(15.4) Maces & Flails
 * Level 13.1 Armour
 + Level 7.5 Dodging
 + Level 2.4 Stealth
 - Level 8.4 Shields
 * Level 10.7 Invocations


You had 15 spell levels left.
You didn't know any spells.
Your spell library contained the following spells:

 Spells                   Type           Power      Damage    Failure   Level
 Beastly Appendage        Tmut           0%         N/A       93%         1
 Magic Dart               Conj           0%         1d3       93%         1
 Slow                     Hex            0%         N/A       93%         1
 Sting                    Tmut/Pois      0%         1d3       93%         1
 Poisonous Vapours        Pois/Air       0%         N/A       98%         2
 Scorch                   Fire           0%         2d5       98%         2
 Wereblood                Tmut           0%         N/A       98%         2
 Confusing Touch          Hex            0%         N/A       100%        3
 Conjure Flame            Conj/Fire      0%         6-21      100%        3
 Dazzling Flash           Conj/Hex       0%         N/A       100%        3
 Gell's Gravitas          Tloc           0%         N/A       100%        3
 Mephitic Cloud           Conj/Pois/Air  0%         N/A       100%        3
 Ozocubu's Armour         Ice            0%         N/A       100%        3
 Spider Form              Tmut/Pois      0%         N/A       100%        3
 Teleport Other           Tloc           0%         N/A       100%        3
 Vampiric Draining        Necr           0%         2d6       100%        3
 Airstrike                Air            0%         2d(0-16)  100%        4
 Flame Wave               Conj/Fire      0%         2d4       100%        4
 Hailstorm                Conj/Ice       0%         3d3       100%        4
 Ice Form                 Ice/Tmut       0%         N/A       100%        4
 Iskenderun's Mystic Bla  Conj/Tloc      0%         2d3       100%        4
 Olgreb's Toxic Radiance  Pois           0%         N/A       100%        4
 Passage of Golubria      Tloc           0%         N/A       100%        4
 Agony                    Necr           0%         N/A       100%        5
 Fireball                 Conj/Fire      0%         3d3       100%        5
 Lightning Bolt           Conj/Air       0%         1d11      100%        5
 Silence                  Hex/Air        0%         N/A       100%        5
 Yara's Violent Unravell  Hex/Tmut       0%         3d3       100%        5
 Dispersal                Tloc           0%         N/A       100%        6
 Starburst                Conj/Fire      0%         6d3       100%        6
 Enfeeble                 Hex            0%         N/A       100%        7
 Ozocubu's Refrigeration  Ice            0%         4d7       100%        7
 Ignition                 Fire           0%         3d3       100%        8
 Lehudib's Crystal Spear  Conj/Erth      0%         10d2      100%        8
 Fire Storm               Conj/Fire      0%         5d1       100%        9
 Call Imp                 Summ           Unusable   N/A       N/A         2
 Summon Lightning Spire   Summ/Air       Unusable   N/A       N/A         4
 Simulacrum               Ice/Necr       Unusable   N/A       N/A         6
 Summon Cactus Giant      Summ           Unusable   N/A       N/A         6

Dungeon Overview and Level Annotations

Branches:
Dungeon (15/15)            Temple (1/1) D:6            Lair (5/5) D:8
 Shoals (0/4) Lair:2        Snake (0/4) Lair:3        Slime (0/5) Lair:5
    Orc (2/2) D:10         Vaults (0/5) D:13         Depths (0/4) D:15
Volcano (visited)
    Elf: Orc:2

Altars:
Ashenzari
Cheibriados
Dithmenos
Elyvilon
Fedhas
Gozag
Hepliaklqana
Kikubaaqudgha
Makhleb
Nemelex Xobeh
Okawaru
Qazlal
Ru
Sif Muna
Trog
Uskayaw
Vehumet
Wu Jian
Xom
Yredelemnul
Zin
The Shining One
Jiyva

Shops:
D:6 *   D:10 *   Orc:1 :   Orc:2 (

Annotations:
D:3 2 transporters
Orc:2 Nessos


Innate Abilities, Weirdness & Mutations

You have a pair of horns on your head.
You reflexively headbutt those who attack you in melee.
You sometimes lose your temper in combat.
Your flesh is cold resistant. (rC+)
You are frail. (-10% HP)


Message History

Nessos shoots an arrow.
The arrow hits you! The arrow burns you.
You are more poisoned.
* * * LOW HITPOINT WARNING * * *
You feel extremely sick.
Nessos shoots an arrow.
The arrow hits you!
* * * LOW HITPOINT WARNING * * *
The arrow burns you.
You are more poisoned.
* * * LOW HITPOINT WARNING * * *
Nessos says, "Even if you were a mare, I'd kill you!"
Nessos mumbles some strange words.
Nessos blinks!
You feel better.
Nessos mumbles some strange words.
Nessos blinks!
Nessos shoots an arrow.
The arrow misses you.
Nessos shoots an arrow.
The arrow barely misses you.
Nessos shoots an arrow.
The arrow completely misses you.
Nessos shoots an arrow.
The arrow hits you but does no damage.
Nessos shoots an arrow.
The arrow hits you!
* * * LOW HITPOINT WARNING * * *
The arrow burns you.
You are lethally poisoned!
* * * LOW HITPOINT WARNING * * *
Nessos shoots an arrow.
The arrow hits you!
* * * LOW HITPOINT WARNING * * *
The arrow burns you.
You are more poisoned.
* * * LOW HITPOINT WARNING * * *
There is a stone staircase leading up, spattered with blood here.
You feel better.
Nessos shoots an arrow.
The arrow hits you.
* * * LOW HITPOINT WARNING * * *
The arrow burns you.
You are poisoned.
* * * LOW HITPOINT WARNING * * *
Unknown command.
You feel better.
Nessos casts a spell.
Nessos blinks!
Nessos shoots an arrow.
The arrow hits you!
You die...

.......##
........###
.......c∩.##
...........
..........#
..........###
............##
#.....§....#
###......@### #
##........#.##
###..$........#
##............##
#...........###
##.........##
#..........#
......#....##
......#..###


You could see Nessos (fast).

Vanquished Creatures
  Gastronok (D:11)
  A stone giant (D:15)
  2 vampire knights
  A dire elephant (Lair:5)
  Azrael (Orc:2)
  The ghost of unlimited1921 the Thaumaturge, a journeyman DjFE of Fedhas (Lair:1)
  The ghost of groovy9 the Marksant, a journeyman FoHu of Hepliaklqana (Lair:5)
  Snorg (Orc:2)
  2 fire dragons
  The ghost of Wentworth the Basher, a journeyman DsIE of Gozag (D:12)
  Fannar (Lair:1)
  The ghost of soul19 the Protected, a journeyman DsFi of Ashenzari (D:11)
  7 boulder beetles
  2 ogre magi
  5 hydras
  4 vault guards (D:13)
  12 two-headed ogres
  4 centaur warriors
  A catoblepas (Lair:5)
  A death knight (D:12)
  The ghost of virigoth the Bludgeoner, a novice MiBe of Trog (D:9)
  An alligator (Lair:5)
  2 tengu warriors (D:15)
  The ghost of wakxed the Slicer, a novice DsBr of Yredelemnul (D:9)
  24 death yaks
  Urug (D:12)
  A deep troll shaman (Lair:5)
  A deep elf knight (D:13)
  Amaemon (Lair:3)
  3 skeletal warriors
  The ghost of gebbletook2 the Chopper, a novice VSFi of Sif Muna (D:9)
  A fire crab (Lair:5)
  Lodul (D:12)
  A spectral wolf spider (D:12)
  3 deep elf pyromancers
  A lindwurm (Lair:3)
  A phantasmal warrior (D:12)
  A deep elf archer (D:13)
  An orc sorcerer (Orc:1)
  5 cyclopes
  14 ugly things
  5 manticores
  A spectral centaur (D:12)
  An ice statue (Lair:5)
  5 elephants
  4 black mambas
  7 gargoyles
  Maggie (D:6)
  An orange demon (Lair:3)
  13 cane toads
  6 rime drakes
  A kobold demonologist (D:9)
  An unseen horror (D:11)
  2 spectral redbacks (D:12)
  4 tengu conjurers
  9 komodo dragons
  A polar bear (shapeshifter) (D:13)
  2 trolls (D:11)
  4 meliai (D:11)
  A hornet (D:10)
  4 polar bears
  17 slime creatures
  2 tyrant leeches (D:14)
  3 harpy skeletons (Volcano)
  7 blink frogs
  5 dream sheep
  6 shadows
  3 flying skulls (Volcano)
  3 fire bats (Lair:4)
  2 centaur simulacra
  Eustachio (D:4)
  2 vampires (D:14)
  3 wyverns
  5 fire elementals (Orc:2)
  7 wraiths
  22 yaks
  A basilisk (Lair:5)
  8 humans (D:13)
  A steam dragon (D:8)
  6 vampire mosquitoes
  A redback simulacrum (D:13)
  A naga (Lair:3)
  2 acid dragons
  Edmund (Temple)
  2 wargs
  12 water moccasins
  3 hell hounds (Orc:2)
  4 black bears
  10 orc warriors
  A sky beast (D:6)
  A sky beast (shapeshifter) (D:11)
  A meliai simulacrum (D:15)
  An ice beast (D:8)
  13 ogres
  4 boggarts (D:14)
  11 centaurs
  22 wolves
  5 phantoms
  The ghost of gebbletook2 the Trooper, an amateur VSFi (D:3)
  2 kobold brigands
  Blork the orc (D:6)
  A gnoll sergeant (D:11)
  4 necrophages
  6 bullfrogs
  2 cane toad simulacra (Lair:1)
  2 scorpions
  10 wights
  4 killer bees
  A howler monkey (D:11)
  2 spriggan skeletons (Volcano)
  A torpor snail simulacrum (Lair:1)
  3 hounds
  A komodo dragon simulacrum (Lair:1)
  3 gnoll boudas
  14 orc priests
  A water moccasin simulacrum (Lair:1)
  Crazy Yiuf (D:6)
  2 jellies
  Jessica (D:3)
  11 orc wizards
  Natasha (thrice) (D:3)
  A wolf simulacrum (Lair:1)
  25 gnolls
  3 adders
  4 white imps
  3 ufetubi
  3 worms
  4 dart slugs
  55 orcs
  10 ball pythons
  7 endoplasms
  2 giant cockroaches (D:1)
  4 goblins
  4 hobgoblins
  8 jackals
  3 quokkas
  4 bats
  2 frilled lizards (D:3)
  13 kobolds
  5 rats
625 creatures vanquished.

Vanquished Creatures (others)
  A wizard (D:7)
  A boggart (D:14)
  An orc (D:6)
  13 fungi
  29 plants
  4 withered plants (D:9)
49 creatures vanquished.

Grand Total: 674 creatures vanquished

Notes
Turn   | Place    | Note
-------+----------+-------------------------------------------
     0 | D:1      | Icepheonix32 the Minotaur Fighter began the quest for the
                  | Orb.
     0 | D:1      | Reached XP level 1. HP: 19/19 MP: 0/0
   150 | D:1      | Found a faded altar of an unknown god.
   435 | D:1      | Reached XP level 2. HP: 27/27 MP: 1/1
   562 | D:1      | Reached skill level 4 in Fighting
   930 | D:2      | Reached XP level 3. HP: 26/33 MP: 2/2
  1475 | D:3      | Noticed Natasha
  1482 | D:3      | Killed Natasha
  1483 | D:3      | Reached XP level 4. HP: 31/40 MP: 3/3
  1554 | D:3      | Found a runed translucent door.
  1554 | D:3      | Noticed gebbletook2's ghost (amateur VSFi)
  1611 | D:3      | Found a transporter.
  1613 | D:3      | Noticed a phantom
  1614 | D:3      | Found a transporter.
  2004 | D:3      | Noticed Jessica
  2007 | D:3      | Killed Jessica
  2008 | D:3      | Reached skill level 1 in Dodging
  2180 | D:3      | Noticed Natasha
  2187 | D:3      | Killed Natasha
  2188 | D:3      | Reached XP level 5. HP: 46/46 MP: 4/4
  2213 | D:3      | Found a hide-covered altar of Uskayaw.
  2405 | D:3      | Noticed Natasha
  2411 | D:3      | Killed Natasha
  2412 | D:3      | Reached skill level 5 in Axes
  2527 | D:3      | Found a glowing silver altar of Zin.
  2617 | D:3      | Found a glowing golden altar of the Shining One.
  2699 | D:3      | Identified the +3 leather armour of Suycwiem {Harm}
  2832 | D:3      | Killed gebbletook2's ghost
  2851 | D:3      | Gained mutation: You sometimes lose your temper in combat.
                  | [potion of mutation]
  2851 | D:3      | Gained mutation: You are frail. (-10% HP) [potion of
                  | mutation]
  2851 | D:3      | Gained mutation: You are agile. (Dex +4, Str/Int -1)
                  | [potion of mutation]
  2957 | D:4      | Noticed Eustachio
  2978 | D:4      | Killed Eustachio
  2979 | D:4      | Reached skill level 5 in Armour
  2979 | D:4      | Reached XP level 6. HP: 47/47 MP: 5/5
  3315 | D:4      | Found an iron altar of Okawaru.
  3323 | D:4      | Reached XP level 7. HP: 50/54 MP: 6/6
  3327 | D:4      | Became a worshipper of Warmaster Okawaru
  3674 | D:5      | Entered Level 5 of the Dungeon
  3695 | D:5      | Reached skill level 5 in Fighting
  3807 | D:5      | Reached skill level 1 in Invocations
  3821 | D:5      | Identified the ring "Abetsogomu" {rElec rPois MP+9 Dex-5}
  4119 | D:5      | Reached * piety under Okawaru
  4122 | D:5      | Reached XP level 8. HP: 42/63 MP: 8/8
  4502 | D:5      | Lost mutation: You are agile. (Dex +4, Str/Int -1) [potion
                  | of mutation]
  4502 | D:5      | Lost mutation: You are frail. (-10% HP) [potion of
                  | mutation]
  4502 | D:5      | Gained mutation: You are frail. (-10% HP) [potion of
                  | mutation]
  4502 | D:5      | Gained mutation: Your flesh is cold resistant. (rC+)
                  | [potion of mutation]
  4531 | D:6      | Reached skill level 6 in Fighting
  4728 | D:6      | Found a staircase to the Ecumenical Temple.
  4744 | D:6      | Noticed Edmund
  4751 | Temple   | Entered the Ecumenical Temple
  4963 | Temple   | Killed Edmund
  5225 | D:6      | Found a runed translucent door.
  5226 | D:6      | Noticed Crazy Yiuf
  5350 | D:6      | Found Bucosyhe's Mass Market.
  5405 | D:6      | Found a basalt altar of Yredelemnul.
  5411 | D:6      | Noticed Blork the orc
  5418 | D:6      | Killed Blork the orc
  5423 | D:6      | Reached skill level 7 in Fighting
  5574 | D:6      | Reached skill level 1 in Maces & Flails
  5574 | D:6      | Reached skill level 5 in Shields
  5740 | D:6      | Reached ** piety under Okawaru
  5861 | D:6      | Found a shadowy altar of Dithmenos.
  5862 | D:6      | Noticed Maggie
  5877 | D:6      | Reached XP level 9. HP: 37/71 MP: 9/10
  5890 | D:6      | Killed Maggie
  6156 | D:6      | Killed Crazy Yiuf
  6365 | D:7      | Noticed a two-headed ogre
  6372 | D:7      | Killed a two-headed ogre
  6372 | D:7      | Reached *** piety under Okawaru
  6373 | D:7      | Reached skill level 8 in Fighting
  6373 | D:7      | Reached skill level 1 in Stealth
  6469 | D:7      | Found a bloodstained altar of Trog.
  6470 | D:7      | Noticed a wizard
  6475 | D:7      | Killed a wizard
  6531 | D:7      | Found a snail-covered altar of Cheibriados.
  6541 | D:7      | Reached skill level 5 in Maces & Flails
  6733 | D:7      | Found an ancient bone altar of Kikubaaqudgha.
  6735 | D:7      | Found a broken altar of Ashenzari.
  6736 | D:7      | Found a stormy altar of Qazlal.
  7006 | D:8      | Received a gift from Okawaru
  7016 | D:8      | Reached skill level 5 in Invocations
  7191 | D:8      | Noticed a two-headed ogre
  7206 | D:8      | Noticed a two-headed ogre
  7220 | D:8      | Reached skill level 14 in Fighting
  7220 | D:8      | Reached XP level 10. HP: 50/93 MP: 12/12
  7232 | D:8      | Killed a two-headed ogre
  7233 | D:8      | Reached XP level 11. HP: 31/99 MP: 7/14
  7235 | D:8      | Killed a two-headed ogre
  7235 | D:8      | Reached **** piety under Okawaru
  7245 | D:8      | Reached skill level 5 in Dodging
  7443 | D:8      | Found a staircase to the Lair.
  8709 | D:9      | Found a runed translucent gate.
  8710 | D:9      | Found a runed translucent gate.
  8710 | D:9      | Found a runed translucent gate.
  8711 | D:9      | Noticed virigoth's ghost (novice MiBe)
  8711 | D:9      | Noticed gebbletook2's ghost (novice VSFi)
  8711 | D:9      | Noticed wakxed's ghost (novice DsBr)
  8720 | D:9      | Noticed a two-headed ogre
  8727 | D:9      | Killed a two-headed ogre
  8727 | D:9      | Reached ***** piety under Okawaru
  8934 | D:9      | Found a burning altar of Makhleb.
  8936 | D:9      | Noticed a green death
  9394 | D:10     | Entered Level 10 of the Dungeon
  9718 | D:10     | Reached skill level 15 in Fighting
  9868 | D:10     | Found Sibrupp's Assorted Antiques.
  9885 | D:10     | Bought a pair of distressingly furry boots for 342 gold
                  | pieces
  9885 | D:10     | Identified the +1 pair of boots "Tokeos" {rF- Will++ Int+4}
                  | (You bought it in a shop on level 10 of the Dungeon)
  9885 | D:10     | Bought a scroll labelled IGILONA WEOCIH for 36 gold pieces
  9898 | D:10     | Found a staircase to the Orcish Mines.
 10352 | D:10     | Identified the +3 ring mail of Xeeha {rElec rC+ Will+
                  | Stlth+} (Okawaru gifted it to you on level 10 of the
                  | Dungeon)
 10352 | D:10     | Received a gift from Okawaru
 10547 | D:11     | Noticed a two-headed ogre
 10557 | D:11     | Noticed Gastronok
 10753 | D:11     | Killed a two-headed ogre
 10973 | D:11     | Killed Gastronok
 11088 | D:11     | Found an iron altar of Okawaru.
 11113 | D:11     | Reached XP level 12. HP: 75/108 MP: 16/16
 11303 | D:11     | Noticed a boulder beetle
 11316 | D:11     | Killed a boulder beetle
 11377 | D:11     | Noticed a two-headed ogre
 11396 | D:11     | Killed a two-headed ogre
 11428 | D:11     | Noticed an ogre mage
 11757 | D:11     | Reached skill level 16 in Fighting
 11791 | D:11     | Killed an ogre mage
 11792 | D:11     | Reached skill level 10 in Maces & Flails
 11839 | D:11     | Identified the +11 broad axe of a Gauntlet {vorpal, Str+2
                  | Int+4 SInv Stlth-} (Okawaru gifted it to you on level 11 of
                  | the Dungeon)
 11839 | D:11     | Received a gift from Okawaru
 12733 | D:11     | Found a transporter.
 12734 | D:11     | Noticed a two-headed ogre
 12734 | D:11     | Noticed soul19's ghost (journeyman DsFi)
 12734 | D:11     | Noticed a two-headed ogre
 12738 | D:11     | Found a transporter.
 12742 | D:11     | Noticed a two-headed ogre
 13140 | D:9      | Killed wakxed's ghost
 13144 | D:9      | Killed virigoth's ghost
 13146 | D:9      | Killed gebbletook2's ghost
 13155 | D:9      | Identified the +8 chain mail of the Saviour {rPois rN++}
 13365 | D:12     | Found a transporter.
 13369 | D:12     | Noticed Wentworth's ghost (journeyman DsIE)
 13369 | D:12     | Noticed a death knight
 13494 | D:12     | Noticed a two-headed ogre
 13497 | D:12     | Killed a two-headed ogre
 13521 | D:12     | Noticed Lodul
 13522 | D:12     | Found a basalt altar of Yredelemnul.
 13527 | D:12     | Received a gift from Okawaru
 13536 | D:12     | Killed Lodul
 13537 | D:12     | Reached XP level 13. HP: 81/117 MP: 18/18
 14045 | D:12     | Noticed Urug
 14491 | D:12     | Killed Urug
 14598 | D:12     | Found a transporter.
 14989 | D:12     | Reached skill level 10 in Armour
 15305 | D:11     | Reached ****** piety under Okawaru
 15306 | D:11     | Reached skill level 10 in Axes
 15315 | D:11     | Killed soul19's ghost
 15653 | D:12     | Reached skill level 17 in Fighting
 15666 | D:12     | Killed Wentworth's ghost
 15666 | D:12     | Received a gift from Okawaru
 15666 | D:12     | Found the +15 Maxwell's patent armour {-Cast -Tele rElec
                  | Will+ rCorr}
 16378 | D:13     | Found a gate to the Vaults.
 16434 | D:13     | Reached XP level 14. HP: 115/126 MP: 19/19
 16981 | D:13     | Received a gift from Okawaru
 17991 | D:14     | Noticed a vampire knight
 17995 | D:14     | Noticed a vampire knight
 18008 | D:14     | Killed a vampire knight
 18018 | D:14     | Identified the +1 quarterstaff "Beastbane" {vamp, Dex+3}
 18328 | D:14     | Identified a scroll of acquirement
 18331 | D:14     | Acquired the ring "Kecuiwk" {Will+ Str+6}
 18963 | D:14     | Found the +8 Vampire's Tooth {vamp}
 19114 | D:15     | Entered Level 15 of the Dungeon
 19186 | D:15     | Killed a vampire knight
 19549 | D:15     | Reached skill level 18 in Fighting
 19640 | D:15     | Found a staircase to the Depths.
 19640 | D:15     | Noticed a stone giant
 19648 | D:15     | Killed a stone giant
 19648 | D:15     | Received a gift from Okawaru
 19791 | D:15     | Reached skill level 15 in Axes
 20466 | Lair:1   | Entered Level 1 of the Lair of Beasts
 20610 | Lair:1   | You are sucked into a shaft and drop 1 floor!
 20924 | Lair:1   | Found a runed translucent gate.
 20925 | Lair:1   | Found a runed translucent gate.
 20926 | Lair:1   | Found a runed translucent gate.
 20943 | Lair:1   | Noticed unlimited1921's ghost (journeyman DjFE)
 21166 | Lair:1   | Noticed Fannar
 21183 | Lair:1   | Killed Fannar
 21184 | Lair:1   | Reached XP level 15. HP: 134/134 MP: 21/21
 21421 | Lair:1   | Killed unlimited1921's ghost
 21813 | Lair:2   | Identified the +1 scale mail of Humyuh {rCorr Dex+2}
 22147 | Lair:2   | Found a staircase to the Shoals.
 22361 | Lair:3   | Noticed Amaemon
 22369 | Lair:3   | Killed Amaemon
 22370 | Lair:3   | Identified the +5 scale mail of the Hanged Man {rC+}
                  | (Okawaru gifted it to you on level 3 of the Lair of Beasts)
 22370 | Lair:3   | Received a gift from Okawaru
 22475 | Lair:3   | Found a staircase to the Snake Pit.
 22576 | Lair:3   | Reached skill level 10 in Invocations
 22770 | Lair:3   | Found an iron altar of Okawaru.
 23510 | Lair:4   | Found a dark tunnel.
 23521 | Volcano  | Entered a volcano
 24816 | Lair:5   | Entered Level 5 of the Lair of Beasts
 24843 | Lair:5   | Found a transporter.
 24943 | Lair:5   | Found a transporter.
 25030 | Lair:5   | Identified the +8 morningstar of Spontaneous Combustion
                  | {vorpal, *Slow rPois rF++ Int-4} (Okawaru gifted it to you
                  | on level 5 of the Lair of Beasts)
 25030 | Lair:5   | Received a gift from Okawaru
 25037 | Lair:5   | Reached skill level 19 in Fighting
 25530 | Lair:5   | Noticed groovy9's ghost (journeyman FoHu)
 25626 | Lair:5   | Identified the +6 ring mail of Death's Door {rC- rN+++
                  | Regen+ Int-3} (Okawaru gifted it to you on level 5 of the
                  | Lair of Beasts)
 25626 | Lair:5   | Received a gift from Okawaru
 25641 | Lair:5   | Killed groovy9's ghost
 26043 | Lair:5   | Found a staircase to the Slime Pits.
 26044 | Lair:5   | Found a viscous altar of Jiyva.
 26078 | Lair:5   | Reached XP level 16. HP: 134/144 MP: 18/22
 26567 | Lair:5   | Got the Compilation of Conjury
 26901 | Orc:1    | Entered Level 1 of the Orcish Mines
 26973 | Orc:1    | Found Odil's Self-Improvement Boutique.
 27335 | Orc:2    | Entered Level 2 of the Orcish Mines
 27335 | Orc:2    | Found Gosud's Weapon Boutique.
 27336 | Orc:2    | Noticed Nessos
 27349 | Orc:2    | Noticed Snorg
 27349 | Orc:2    | Noticed Azrael
 27361 | Orc:2    | Killed Snorg
 27364 | Orc:2    | Killed Azrael
 27740 | Orc:2    | HP: 6/144 [Nessos/arrow (9)]
 27743 | Orc:2    | Shot with an arrow by Nessos

Illustrated notes

Levels and vault maps discovered:
D:1:      erik_arrival_orb_chamber, layout_basic, serial_forest,
          infiniplex_forest_straight_3, infiniplex_forest_corner_1,
          infiniplex_forest_lined_room_3, infiniplex_forest_end_2,
          infiniplex_forest_side_room, infiniplex_forest_straight_3,
          infiniplex_forest_zigzag_2, infiniplex_forest_lined_3_way,
          hellmonk_ecumenical_altar_lost_god
D:2:      layout_rooms
D:3:      layout_loops_corners, gammafunk_temple_overflow_arena,
          general_overflow_altar, mainiacjoe_overflow_alcove_2,
          hellmonk_ghost_happy_afterlife, uniq_natasha, uniq_jessica
D:4:      layout_loops_cross, mainiacjoe_overflow_six_doors_small,
          uniq_eustachio
D:5:      layout_basic, amcnicky_mini_rare_corridor_liquid, due_unseen_surprise
D:6:      layout_rooms, lemuel_doored_altar, nicolae_dithmenos_shadow_blocks,
          minmay_temple_entry_sparse_star, serial_curves, eino_curves_01,
          eino_curves_03, eino_curves_04, st_stairs_9, minmay_shop_mass,
          uniq_crazy_yiuf_cottage, uniq_blork_the_orc, uniq_maggie, uniq_edmund
D:7:      layout_basic, slow_altar_1, trog_wizard, grunt_temple_overflow_open,
          nicolae_sextant
D:8:      layout_loops_cross, dpeg_oklobed_lair
D:9:      layout_loops_cross, makhleb_altar_promises_db,
          gammafunk_ghost_cemetery
D:10:     layout_irregular_city, minmay_orc_entry_temple_small, serial_shops,
          nicolae_shop_waterfront, dk_vineyard_1
D:11:     minmay_imperfect_grid, layout_basic, gammafunk_ghost_smash,
          minmay_misc_feat_square, okawaru_trees_2, uniq_gastronok
D:12:     layout_grid_maze, gammafunk_ghost_mausoleum,
          yredelemnul_altar_generic, uniq_urug, uniq_lodul
D:13:     layout_grid_maze, ximxim_vaults_locker_room,
          hangedman_abyss_or_decor_lesser_grid, beargit_elvish_explorers
D:14:     layout_irregular_city, minmay_holes,
          minmay_guarded_unrand_vampires_tooth
D:15:     grunt_enter_depths_snipers, layout_loops_ring,
          hangedman_decor_opposing, lemuel_old_faithful
Temple:   chequers_temple_sunken
Lair:1:   layout_gridlike, gammafunk_ghost_icy, dreamdust_mushroom_princess,
          grunt_megastairs_4, uniq_fannar
Lair:2:   layout_cave_pods, minmay_shoals_entry_centaurs,
          infiniplex_staircase_pool_2
Lair:3:   layout_long_grid, guppyfry_snake_entry_garden, lemuel_centaur_altar,
          serial_bayou_shore_b, grunt_megastairs_5, uniq_amaemon
Lair:4:   layout_roguey, serial_forest, infiniplex_forest_end_3,
          infiniplex_forest_corner_1, infiniplex_forest_clump_curved,
          infiniplex_forest_straight_3, infiniplex_forest_straight_2,
          infiniplex_forest_lined_corner, infiniplex_forest_clump_large,
          infiniplex_forest_lined_3_way, infiniplex_forest_clump_double,
          infiniplex_forest_lined_2, nicolae_volcano_entry_batcave
Lair:5:   grunt_lair_end_beastmaster, layout_cave_pods,
          minmay_slime_entry_pillars, nzn_ghost_randoct
Orc:1:    layout_caves, nicolae_shop_self_help
Orc:2:    st_orc_elflike, layout_diamond_mine, serial_shops, shop,
          shop_fountains, shop_statue, shop, nicolae_shop_crystal, uniq_snorg,
          uniq_azrael, uniq_nessos

Skill      XL: |  1  2  3  4  5  6  7  8  9 10 11 12 13 14 15 16 |
---------------+-------------------------------------------------+-----
Axes           | 3 4 6 7 8 12 15 18 | 18.3
Fighting       | 4 5 7 14 15 16 17 18 19 | 19.6
Armour         | 4 5 6 7 8 9 10 11 12 13 | 13.1
Dodging        | 1 2 3 4 5 7 |  7.5
Shields        | 4 5 6 7 8 |  8.4
Invocations    | 2 3 5 6 8 9 10 | 10.7
Maces & Flails | 1 5 6 9 10 | 10.1
Stealth        | 1 2 |  2.4

Action                   |  1- 3 |  4- 6 |  7- 9 | 10-12 | 13-15 | 16-18 || total
-------------------------+-------+-------+-------+-------+-------+-------++-------
Melee: War axe           |    53 |    96 |   102 |       |       |       ||   251
       Headbutt          |     8 |    22 |    38 |    86 |   204 |    11 ||   369
       Flail             |       |       |   125 |   383 |    26 |       ||   534
       Broad axe         |       |       |       |    71 |   699 |    75 ||   845
Throw: Boomerang         |       |       |       |       |     7 |       ||     7
Invok: Heroism           |       |       |       |     4 |     3 |       ||     7
       Finesse           |       |       |       |       |     1 |       ||     1
Evoke: Wand              |       |       |       |     1 |     3 |       ||     4
       Condenser vane    |       |       |       |       |     1 |       ||     1
  Use: Scroll            |     2 |     8 |     4 |    12 |     8 |       ||    34
       Potion            |       |     2 |     6 |     4 |     1 |     3 ||    16
 Stab: Sleeping          |       |       |       |     2 |       |       ||     2
       Confused          |       |       |       |       |     1 |       ||     1
Armor: Scale mail        |    27 |    34 |    67 |       |       |       ||   128
       Acid dragon scale |       |       |    49 |    54 |       |       ||   103
       Ring mail         |       |       |       |   105 |       |       ||   105
       Chain mail        |       |       |       |     7 |   101 |       ||   108
       Plate armour      |       |       |       |       |   423 |    64 ||   487
       Fire dragon scale |       |       |       |       |    26 |       ||    26
Dodge: Dodged            |    24 |    51 |   132 |   229 |   340 |    36 ||   812
Block: Buckler           |    13 |    21 |    55 |   114 |    44 |       ||   247
       Kite shield       |       |       |       |       |   146 |       ||   146
